 Dungeon Crawl Stone Soup version 0.17-a0-819-gf98af59 (webtiles) character file.

50 sieger the Skirmisher (level 3, 3/29 HPs)
             Began as a Demonspawn Abyssal Knight on Apr 26, 2015.
             Was a Believer of Lugonu.
             Quit the game on level 2 of the Dungeon.
             The game lasted 00:08:37 (1821 turns).

sieger the Skirmisher (Demonspawn Abyssal Knight)   Turns: 1821, Time: 00:08:37

Health: 3/29       AC:  6    Str: 13    XL:     3   Next: 55%
Magic:  5/5        EV: 11    Int: 13    God:    Lugonu [**....]
Gold:   21         SH:  0    Dex: 14    Spells: 0 memorised, 2 levels left

rFire  . . .     SeeInvis .     f - +0 hunting sling (curse)
rCold  . . .     Clarity  .     b - +0 leather armour
rNeg   . . .     SustAb   .     (no shield)
rPois  .         Gourm    .     (no helmet)
rElec  .         Spirit   .     (no cloak)
rCorr  .         Warding  .     (no gloves)
rMut   .         Stasis   .     (no boots)
MR     .....                    (no amulet)
Stlth  ++........               (no ring)
                                e - +3 ring of protection

@: lethally poisoned (3 -> -4), not resistant to hostile enchantments,
unstealthy
A: claws 1, thin skeletal structure 1
a: Depart the Abyss, Bend Space, Renounce Religion


You were on level 2 of the Dungeon.
You worshipped Lugonu.
Lugonu was pleased with you.
You were not hungry.

You visited 1 branch of the dungeon, and saw 2 of its levels.
You visited the Abyss 1 time.

You collected 21 gold pieces.

Inventory:

Hand weapons
 a - a +2 falchion
 f - a cursed +0 hunting sling (weapon)
Armour
 b - a +0 leather armour (worn)
Jewellery
 e - a +3 ring of protection (left claw)
Comestibles
 c - a meat ration
 g - a bread ration
 i - a chunk of flesh


   Skills:
 - Level 3.2 Fighting
 + Level 2.5 Long Blades
 + Level 1.4 Slings
 - Level 1.9 Armour
 - Level 1.1 Dodging
 + Level 2.7 Invocations


You had 2 spell levels left.
You didn't know any spells.

Dungeon Overview and Level Annotations

Branches:
Dungeon (2/15)

Altars:


Innate Abilities, Weirdness & Mutations

You have sharp fingernails.
You have a somewhat thin skeletal structure (Dex +2, Stealth).


Message History

The sling bullet closely misses the adder.
* * * LOW HITPOINT WARNING * * *
You feel sick. The adder bites you but does no damage.
Firing (i - inventory):
h - 2 sling bullets (quivered)
Press: ? - help, Shift-Dir - straight line, f/p - adder
Aim: an adder (heavily wounded)
You shoot a sling bullet.
The sling bullet barely misses the adder.
* * * LOW HITPOINT WARNING * * *
You feel sick. The adder bites you but does no damage.
The ooze closely misses you. The adder closely misses you.
Firing (i - inventory):
h - a sling bullet (quivered)
Press: ? - help, Shift-Dir - straight line, f/p - adder
Aim: an adder (moderately wounded)
You shoot a sling bullet.
The sling bullet closely misses the adder.
* * * LOW HITPOINT WARNING * * *
You feel sick. The adder barely misses you.
The ooze hits you but does no damage.
Are you sure you want to abandon this character and quit the game? (Confirm with "yes".)

####.## ##.##
......## ##...#
####.#.###.#..#
...#.##.#.....###.#
...#.###.#).......#
##.).#
###....#######
#...# #............
#..## ####..#######
..##
#......J@.####.#.
.#.#
#.......S........
.#.#
#.........####.##
#.# #......[..##
#.# #..........#
..# #..........#
#.......†).#
#.......(..#
#.......(..#


You could see an ooze and an adder.

Vanquished Creatures
  A gnoll (D:2)
  An adder (D:2)
  A giant gecko (D:1)
  3 goblins
  6 hobgoblins (D:1)
  A kobold (D:1)
  2 ball pythons (D:1)
  6 bats (D:1)
  3 giant cockroaches (D:1)
  A giant newt (D:1)
  8 rats (D:1)
33 creatures vanquished.

Notes
Turn   | Place    | Note
--------------------------------------------------------------
     0 | Abyss:1  | sieger, the Demonspawn Abyssal Knight, began the quest for the Orb.
     0 | Abyss:1  | Reached XP level 1. HP: 18/18 MP: 2/2
   129 | Abyss:1  | Noticed a starcursed mass
   130 | D:1      | Escaped the Abyss
   298 | D:1      | Reached skill level 1 in Dodging
   688 | D:1      | Gained mutation: You have sharp fingernails. [demonic ancestry]
   688 | D:1      | Reached XP level 2. HP: 13/24 MP: 3/3
   993 | D:1      | Acquired Lugonu's second power
  1530 | D:1      | Gained mutation: You have a somewhat thin skeletal structure (Dex +2, Stealth). [demonic ancestry]
  1530 | D:1      | Reached XP level 3. HP: 29/29 MP: 5/5
  1738 | D:2      | Reached skill level 1 in Slings
  1821 | D:2      | Quit the game

Action                   || total
-------------------------++-------
Melee: Falchion          ||    65
       Hunting sling     ||    10
 Fire: Hunting sling     ||    64
  Use: Scroll            ||     3
       Potion            ||     1
  Eat: Bread ration      ||     1
       Chunk             ||     1
